 Dungeon Crawl Stone Soup version 0.24-a0-549-g45f0056d81 (webtiles) character file.

Game seed: 5063986219824647103

114 Seacu the Conjurer (level 5, 0/35 HPs)
             Began as a Human Conjurer on Aug 19, 2019.
             Was an Initiate of Sif Muna.
             Slain by an orc priest
             ... wielding a +0 dagger
              (4 damage)
             ... on level 3 of the Dungeon.
             The game lasted 00:40:48 (4008 turns).

Seacu the Conjurer (Human Conjurer)                 Turns: 4008, Time: 00:40:48

Health: 0/35       AC:  2    Str:  9    XL:     5   Next: 19%
Magic:  0/8        EV: 12    Int: 16    God:    Sif Muna [......]
Gold:   217        SH:  0    Dex: 13    Spells: 8/9 levels left

rFire    . . .     SeeInvis .   j - +1 dagger (vamp)
rCold    . . .     Gourm    .   (no shield)
rNeg     . . .     Faith    .   o - +0 robe
rPois    .         Spirit   .   (no helmet)
rElec    .         Reflect  .   (no cloak)
rCorr    .         Harm     .   (no gloves)
MR       .....                  (no boots)
Stlth    ++........             (no amulet)
HPRegen  0.11/turn              (no ring)
MPRegen  0.11/turn              (no ring)

@: no status effects
A: no striking features
a: Renounce Religion


You were on level 3 of the Dungeon.
You worshipped Sif Muna.
Sif Muna was noncommittal.
You were very hungry.

You visited 1 branch of the dungeon, and saw 4 of its levels.

You collected 217 gold pieces.

Inventory:

Hand Weapons
 j - a +1 vampiric dagger (weapon)
Armour
 k - a +0 robe
 o - a +0 robe (worn)
Scrolls
 a - a scroll of teleportation
 d - a scroll of blinking {unknown}
 e - a scroll of random uselessness {unknown}
 f - a scroll of immolation
 h - a scroll of enchant weapon {unknown}
 l - a scroll of noise {unknown}
 m - a scroll of identify
 n - a scroll of remove curse {unknown}
Potions
 b - a potion of heal wounds
 g - a potion of lignification {unknown}
 i - a potion of invisibility {unknown}
 p - a potion of berserk rage {unknown}
Comestibles
 c - 2 rations


   Skills:
 + Level 0.1 Fighting
 + Level 0.4 Short Blades
 + Level 2.1 Dodging
 + Level 2.4 Stealth
 + Level 2.6 Spellcasting
 + Level 5.4 Conjurations


You had 8 spell levels left.
You knew the following spells:

 Your Spells              Type           Power        Failure   Level  Hunger
a - Magic Dart            Conj           ###.         1%          1    #......

Your spell library contained the following spells:

 Spells                   Type           Power        Failure   Level  Hunger
 Searing Ray              Conj           ###...       3%          2    ##.....
 Dazzling Spray           Conj/Hex       ##....       19%         3    ###....
 Iskenderun's Mystic Bla  Conj           ###.....     21%         4    #####..
 Force Lance              Conj/Tloc      ##......     54%         4    #####..
 Fulminant Prism          Conj/Hex       ##........   54%         4    #####..


Dungeon Overview and Level Annotations

Branches:
Dungeon (4/15)
 Temple: D:4-7

Altars:
Gozag
Qazlal
Sif Muna

Annotations:
D:3 3 runed translucent doors, leszekd25's ghost, amateur DrEE


Message History

Aiming: Magic Dart (safe; 1% risk of failure)
Press: ? - help, Shift-Dir - straight line, f/p - orc priest
Aim: an orc priest, wielding a +0 dagger and wearing a +0 scale mail (moderately wounded)
The magic dart hits the orc priest but does no damage.
The orc priest is moderately wounded.
The orc priest closely misses you.
You barely miss the orc priest.
The orc priest is moderately wounded.
The orc priest mumbles some strange prayers to Beogh against you.
Pain shoots through your body!
* * * LOW HITPOINT WARNING * * *
You hit the orc priest but do no damage.
The orc priest is moderately wounded.
The orc priest hits you with a +0 dagger.
* * * LOW HITPOINT WARNING * * *
Your magical contamination has completely faded away.
You closely miss the orc priest.
The orc priest is moderately wounded.
The orc priest hits you with a +0 dagger.
You die...

#....)....# #.# ###
##.#######.###### #.# ..# ##...##
#.......# #.# #.######.....#
#..####.# #.. ......รท.....##
#..## #.# ### #.########.## #...#
#.# #.# #.# #.#.###.# ## ..#
###.# ###o.....># #. ### #..+##
#.@......## #. ##....###.###.##.#
#. ## #8.....##.# #.##.# #.
.#######......#.# #..#.## #.
.....###..<....w###.....########.
.....'##.........................
..##.##8........###...#.########.
..##.###....w.#...##.##.# #.
#.##.# #.......... ####.# #.


You could see a worm and an orc priest.

Vanquished Creatures
  An orc priest (D:4)
  2 adders (D:3)
  3 dart slugs (D:1)
  2 orcs
  2 ball pythons (D:3)
  5 giant cockroaches
  7 goblins
  10 hobgoblins
  4 jackals (D:3)
  A quokka (D:2)
  5 bats
  5 frilled lizards
  5 kobolds
  4 rats
56 creatures vanquished.

Notes
Turn   | Place    | Note
-------+----------+-------------------------------------------
     0 | D:1      | Seacu the Human Conjurer began the quest for the Orb.
     0 | D:1      | Reached XP level 1. HP: 13/13 MP: 3/3
   639 | D:1      | Reached XP level 2. HP: 5/19 MP: 0/5
  1322 | D:1      | Reached XP level 3. HP: 24/24 MP: 2/6
  2166 | D:2      | Reached skill level 5 in Conjurations
  2178 | D:2      | Found a stormy altar of Qazlal.
  2579 | D:3      | Found a runed translucent gate.
  2580 | D:3      | Found a runed translucent gate.
  2589 | D:3      | Reached XP level 4. HP: 30/30 MP: 3/7
  2751 | D:3      | Found an opulent altar of Gozag.
  2753 | D:3      | Found a runed translucent gate.
  2754 | D:3      | Noticed leszekd25's ghost (amateur DrEE)
  2754 | D:3      | Noticed a sky beast
  3518 | D:3      | Found a shimmering blue altar of Sif Muna.
  3521 | D:3      | Became a worshipper of Sif Muna the Loreminder
  3901 | D:4      | Reached XP level 5. HP: 25/35 MP: 0/8
  4008 | D:3      | Slain by an orc priest

Levels and vault maps discovered:
D:1:      matt_arrival_refuge, layout_basic
D:2:      kennysheep_big_flooded_room, layout_rooms,
          lemuel_coloured_pillars_altar
D:3:      layout_loops_corners, lemuel_blue_sif_altar, minitemple,
          ebering_ghost_gozag, chequers_hall_statues_corner_a
D:4:      layout_gridville, minmay_temple_entry_large_hall, first_ration,
          kennysheep_slug_shrine

Skill      XL: |  1  2  3 |
---------------+----------+-----
Conjurations   | 5 |  5.4
Fighting       | |  0.1
Short Blades   | |  0.4
Dodging        | |  2.1
Stealth        | |  2.4
Spellcasting   | |  2.6

Action                   |  1- 3 |  4- 6 || total
-------------------------+-------+-------++-------
Melee: Unarmed           |     8 |       ||     8
       Dagger            |    14 |     6 ||    20
 Cast: Magic Dart        |    65 |    78 ||   143
  Use: Potion            |     1 |     3 ||     4
       Scroll            |     1 |     3 ||     4
  Eat: Ration            |     2 |     1 ||     3
Armor: Robe              |     6 |     2 ||     8
Dodge: Dodged            |    23 |    19 ||    42

Table legend:
 A = Non-vault XP
 B = Vault XP
 C = Vault XP percentage of total XP
 D = Non-vault monster count
 E = Vault monster count
 F = Vault count percentage of total count
                 A         B        C        D         E       F
            +---------+---------+-------+---------+---------+-------
      Total |     161 |       3 |   1.8 |      54 |       2 |   3.6
            +---------+---------+-------+---------+---------+-------
        D:1 |      42 |       0 |   0.0 |      23 |       0 |   0.0
        D:2 |      14 |       3 |  17.6 |       9 |       2 |  18.2
        D:3 |      57 |       0 |   0.0 |      19 |       0 |   0.0
        D:4 |      48 |       0 |   0.0 |       3 |       0 |   0.0
            +---------+---------+-------+---------+---------+-------
